 Dungeon Sprint DCSS version 0.27.0-66-gdc8fb28755 (webtiles) character file.

Game seed: 7277081567682856656

777 ABBCCCDDDD the Fighter (level 7, 0/73 HPs)
             Began as a Minotaur Berserker on Aug 19, 2021.
             Was a High Priest of Trog.
             Slain by Snorg (29 damage)
             ... in the Dungeon (Sprint III: "The Ten Rune Challenge").
             The game lasted 00:01:05 (908 turns).

ABBCCCDDDD the Fighter (Minotaur Berserker)          Turns: 908, Time: 00:01:06

Health: 0/73       AC:  2    Str: 25    XL:     7   Next: 54%
Magic:  6/6        EV: 15    Int:  4    God:    Trog [*****.]
Gold:   30         SH:  0    Dex: 10    Spells: 6/6 levels left

rFire    . . .     SeeInvis .   a - +0 hand axe
rCold    . . .     Faith    .   (no shield)
rNeg     . . .     Spirit   .   b - +0 animal skin
rPois    .         Reflect  .   (helmet restricted)
rElec    .         Harm     .   (no cloak)
rCorr    .         Rampage  .   (no gloves)
Will     .....     NoTele   +   (no boots)
Stlth    +.........             (no amulet)
HPRegen  0.22/turn              (no ring)
MPRegen  0.10/turn              (no ring)

@: no status effects
A: horns 2, retaliatory headbutt, fangs 1, hooves 1, strong 1
a: Renounce Religion, Berserk, Trog's Hand, Brothers in Arms


You were in the Dungeon.
You worshipped Trog.
Trog was extremely pleased with you.
You visited 1 branch You collected 30 gold pieces.

Inventory:

Hand Weapons
 a - a +0 hand axe (weapon)
Armour
 b - a +0 animal skin (worn)
Scrolls
 h - a scroll of blinking
 i - 4 scrolls of identify
 j - 2 scrolls of holy word {unknown}
Potions
 c - a potion of curing
 d - 2 potions of heal wounds
 e - a potion of haste
 f - 2 potions of magic
 g - a potion of berserk rage
 k - 2 potions of flight
 l - 3 potions of mutation
Miscellaneous
 m - a condenser vane


   Skills:
 + Level 10.6 Fighting
 + Level 10.6 Axes
 + Level 10.2 Armour
 + Level 9.4 Dodging


You had 6 spell levels left.
You didn't know any spells.
Your spell library was empty.

Dungeon Overview and Level Annotations

Branches:
Dungeon (1/1)

Altars:
Cheibriados
Dithmenos
Fedhas
Gozag
Hepliaklqana
Makhleb
Nemelex Xobeh
Okawaru
Qazlal
Ru
Trog
Uskayaw
Wu Jian
Xom
Yredelemnul
Beogh
Jiyva
Lugonu

Annotations:
D Snorg


Innate Abilities, Weirdness & Mutations

You have a pair of horns on your head.
You reflexively headbutt those who attack you in melee.
You have very sharp teeth.
You have large cloven feet.
Your muscles are strong. (Str +2)


Message History

You see here a condenser vane.
You barely miss the spatial vortex. Your kick misses the spatial vortex.
Your headbutt misses the spatial vortex.
The spatial vortex hits you!! Space warps horribly around you!
You slash the spatial vortex! You kick the spatial vortex!
The spatial vortex is heavily damaged.
You slash the spatial vortex! Your kick misses the spatial vortex.
You headbutt the spatial vortex!
The spatial vortex is almost destroyed.
You slash the spatial vortex!
The spatial vortex dissipates!
Trog accepts your kill.
Trog will now gift you melee weapons as you gain piety.
Your Armour skill increases to level 10!
You start resting.
You feel a strong urge to attack something.
You start resting.
You feel your anger nearly subside.
You are no longer berserk.
You are exhausted.
You feel yourself slow down.
You start resting.
You feel yourself speed up.
You start resting.
You recover from your berserk rage.
m - a condenser vane
There is a hazy altar of Hepliaklqana here.
There is a snail-covered altar of Cheibriados here.
There is an open door here.
You start resting.
HP restored.
You open the door.
There is an open door here.
You enter the shallow water.
Moving in this stuff is going to be slow.
Snorg the Insatiable comes into view.
Snorg shouts!
Snorg goes berserk!
Snorg bites you!! Snorg claws you!! Snorg completely misses you.
Snorg bites you!!
You die...

..# #__)#)_#
..###+#'###'##
..#..........#
..'.⌠........#
♣.#...######'#
..#.⌠.#__#...#+#####
..#...#__#...#.§§§§+
..#+###__#...#.#§§§#
..# #__#...'.#@§§#
..# #__'...#.#§T§#
▓▓▓ ▓▓▓▓▓▓▓▓▓▓▓▓▓


You could see Snorg (berserk).

Levels and vault maps discovered:
D:        dungeon_sprint_mu [sprint_mu_entry_forest, sprint_mu_temple_rooms,
          sprint_mu_d1_horrors, sprint_mu_d2_genie, sprint_mu_d3_branching,
          sprint_mu_orc_legion, sprint_mu_elf_gauntlet, sprint_mu_hive_nellie,
          sprint_mu_lair_fedhas, sprint_mu_vaults_butterflies,
          sprint_mu_slime_circle, sprint_mu_swamp_cave, sprint_mu_shoals_archi,
          sprint_mu_blade_basic, sprint_mu_crypt_chambers,
          sprint_mu_tomb_spiral, sprint_mu_vestibule_basic,
          sprint_mu_gehenna_hellfire, sprint_mu_dis_giant,
          sprint_mu_tartarus_statrot, sprint_mu_cocytus_islands, sprint_mu_zot1]

Notes
Turn   | Place    | Note
-------+----------+-------------------------------------------
     0 | D        | ABBCCCDDDD the Minotaur Berserker began the quest for the
                  | Orb.
     0 | D        | Reached XP level 1. HP: 19/19 MP: 0/0
    43 | D        | Reached ** piety under Trog
    87 | D        | Reached XP level 2. HP: 22/28 MP: 1/1
   278 | D        | Reached skill level 5 in Fighting
   278 | D        | Reached skill level 5 in Axes
   278 | D        | Reached XP level 3. HP: 36/36 MP: 2/2
   357 | D        | Gained mutation: Your magical capacity is low. (-10% MP)
                  | [potion of mutation]
   357 | D        | Gained mutation: Your muscles are strong. (Str +2) [potion
                  | of mutation]
   358 | D        | Lost mutation: Your magical capacity is low. (-10% MP)
                  | [potion of mutation]
   358 | D        | Lost mutation: Your muscles are strong. (Str +2) [potion of
                  | mutation]
   358 | D        | Gained mutation: Your muscles are strong. (Str +2) [potion
                  | of mutation]
   358 | D        | Gained mutation: You have large cloven feet. [potion of
                  | mutation]
   358 | D        | Gained mutation: You have very sharp teeth. [potion of
                  | mutation]
   383 | D        | Noticed a water elemental
   386 | D        | Killed a water elemental
   386 | D        | Reached *** piety under Trog
   387 | D        | Reached skill level 5 in Armour
   387 | D        | Reached skill level 5 in Dodging
   387 | D        | Reached XP level 4. HP: 45/45 MP: 3/3
   461 | D        | Found a hide-covered altar of Uskayaw.
   461 | D        | Found an iron altar of Okawaru.
   461 | D        | Found a bloodstained altar of Trog.
   461 | D        | Found an ornate altar of the Wu Jian Council.
   461 | D        | Noticed a human
   461 | D        | Noticed a human
   468 | D        | Killed a human
   469 | D        | Reached XP level 5. HP: 35/53 MP: 4/4
   469 | D        | Killed a human
   470 | D        | Reached XP level 6. HP: 42/63 MP: 5/5
   639 | D        | Found a basalt altar of Yredelemnul.
   639 | D        | Found a shadowy altar of Dithmenos.
   639 | D        | Found a sacrificial altar of Ru.
   642 | D        | Reached **** piety under Trog
   724 | D        | Noticed a shadow
   728 | D        | Killed a shadow
   729 | D        | Reached skill level 10 in Fighting
   729 | D        | Reached skill level 10 in Axes
   729 | D        | Reached XP level 7. HP: 72/72 MP: 6/6
   786 | D        | Found a blossoming altar of Fedhas.
   786 | D        | Found a stormy altar of Qazlal.
   787 | D        | Found a snail-covered altar of Cheibriados.
   787 | D        | Found a burning altar of Makhleb.
   787 | D        | Found a hazy altar of Hepliaklqana.
   787 | D        | Found a shimmering altar of Xom.
   787 | D        | Found an opulent altar of Gozag.
   787 | D        | Found a sparkling altar of Nemelex Xobeh.
   787 | D        | Found a corrupted altar of Lugonu.
   787 | D        | Found a viscous altar of Jiyva.
   787 | D        | Noticed a spatial vortex
   795 | D        | Killed a spatial vortex
   795 | D        | Reached ***** piety under Trog
   796 | D        | Reached skill level 10 in Armour
   907 | D        | Noticed Snorg
   908 | D        | Slain by Snorg

Table legend: (Time is in decaauts)
 A = Elapsed time spent in this place.
 B = Non-inter-level travel time spent in this place.
 C = Inter-level travel time spent in this place.
 D = Time resting spent in this place.
 E = Time spent auto-exploring this place.
 F = Levels seen in this place.
 G = Mean time per level.
                   A        B        C        D        E       F      G
               +--------+--------+--------+--------+--------+-----+--------+
         Total |    986 |    986 |      0 |    813 |     38 |   1 |  986.0 |
       Dungeon |    986 |    986 |      0 |    813 |     38 |   1 |  986.0 |
               +--------+--------+--------+--------+--------+-----+--------+

Top non-repeatable levels by time:
       D: 986 daAuts

Table legend:
 A = Kills in this place as a percentage of kills in entire the game.
 B = Kills by you in this place as a percentage of kills by you in the entire game.
 C = Kills by friends in this place as a percentage of kills by friends in the entire game.
 D = Other kills in this place as a percentage of other kills in the entire game.
 E = Experience gained in this place as a percentage of experience gained in the entire game.
 F = Experience gained in this place divided by the number of levels of this place that you have seen.
                   A       B       C       D       E      F
               +-------+-------+-------+-------+-------+----------------------
         Total | 100.0 | 100.0 |   N/A |   N/A | 100.0 | 1111.0
       Dungeon | 100.0 | 100.0 |   N/A |   N/A | 100.0 | 1111.0
               +-------+-------+-------+-------+-------+----------------------

Action                   |  1- 3 |  4- 6 |  7- 9 || total
-------------------------+-------+-------+-------++-------
Melee: Hand axe          |    15 |     8 |     5 ||    28
       Headbutt          |     2 |     2 |     1 ||     5
       Kick              |     1 |     1 |     1 ||     3
       Bite              |       |     1 |       ||     1
Invok: Berserk           |     3 |     3 |     1 ||     7
  Use: Potion            |     2 |       |       ||     2
Armor: Animal skin       |     3 |     1 |       ||     4
Dodge: Dodged            |     4 |     7 |     1 ||    12

Vanquished Creatures
  A shadow (D)
  A spatial vortex (D)
  A necrophage (D)
  A water elemental (D)
  A jelly (D)
  A necromancer (D)
  3 humans (D)
  A wolf (D)
  An endoplasm (D)
  3 rats (D)
14 creatures vanquished.
